General information
- name: BNet
- type: Ladder team game (AT/RT)
- host: Battle.net
- saver: BRUCEWILLISUSA
map: PhantomGrove
- players: 4
- length: 34:57
- speed: Fast
- version: 1.24 W3XP
- replay type: Public
» download(134 KB)
Players
team 1 (winner)
BRUCEWILLISUSA (
blue | 64 APM | 2251 actions | 34:57)
7 Tauren Chieftain
3 Endurance Aura
3 Shockwave
1 Reincarnation
» actions
| Assign group hotkey | 111 | |
| Basic commands | 25 | |
| Build / train | 121 | |
| ESC pressed | 6 | |
| Enter build submenu | 45 | |
| Enter hero's abilities submenu | 7 | |
| Give item / drop item | 1 | |
| Right click | 850 | |
| Select / deselect | 260 | |
| Select group hotkey | 666 | |
| Use ability | 159 | |
2251 total
» units
| Peon | 30 | |
| Troll Batrider | 17 | |
| Wind Rider | 4 | |
51 total
» upgrades
| Reinforced Defenses | 1 | |
| Liquid Fire | 1 | |
| Ranged Weapons | 2 | |
| Armor | 2 | |
| Envenomed Spears | 1 | |
| Spiked Barricades | 1 | |
8 total
» buildings
| Orc Burrow | 7 | |
| War Mill | 1 | |
| Watch Tower | 34 | |
| Altar of Storms | 1 | |
| Stronghold | 4 | |
| Fortress | 1 | |
| Beastiary | 3 | |
| Voodoo Lounge | 1 | |
| Great Hall | 1 | |
53 total
» build order
01:06 Orc Burrow
01:23 War Mill
01:55 Orc Burrow
02:39 Watch Tower
02:42 Watch Tower
03:01 Watch Tower
03:21 Watch Tower
04:03 Watch Tower
04:30 Watch Tower
04:40 Altar of Storms
05:20 Watch Tower
05:28 Watch Tower
06:04 Stronghold
06:04 Stronghold
06:04 Stronghold
08:25 Fortress
08:26 Beastiary
08:29 Beastiary
08:33 Beastiary
08:37 Orc Burrow
08:38 Orc Burrow
09:51 Voodoo Lounge
09:55 Orc Burrow
18:08 Watch Tower
18:09 Watch Tower
18:09 Watch Tower
18:10 Watch Tower
18:10 Watch Tower
18:11 Watch Tower
18:12 Watch Tower
18:15 Watch Tower
20:00 Watch Tower
20:01 Watch Tower
20:09 Watch Tower
21:32 Watch Tower
21:32 Watch Tower
21:35 Watch Tower
22:26 Orc Burrow
22:30 Orc Burrow
25:47 Watch Tower
25:47 Watch Tower
27:17 Watch Tower
27:19 Watch Tower
28:15 Watch Tower
28:16 Watch Tower
28:25 Watch Tower
31:40 Great Hall
33:57 Watch Tower
33:57 Watch Tower
33:58 Watch Tower
33:58 Watch Tower
33:59 Watch Tower
» items
| Moonstone | 3 | |
| Dust of Appearance | 1 | |
| Potion of Healing | 8 | |
| Orb of Venom | 1 | |
| Scroll of Town Portal | 11 | |
| Tiny Great Hall | 8 | |
| Orb of Lightning | 1 | |
| Scroll of Speed | 3 | |
| Lesser Clarity Potion | 5 | |
| Healing Salve | 3 | |
| Potion of Mana | 2 | |
46 total
Phuktart (
teal | 32 APM | 1111 actions | 34:56)
4 Keeper of the Grove
2 Entangling Roots
2 Thorns Aura
3 Priestess of the Moon
2 Trueshot Aura
1 Searing Arrows
3 Naga Sea Witch
2 Frost Arrows
1 Forked Lightning
» actions
| Assign group hotkey | 45 | |
| Build / train | 64 | |
| ESC pressed | 2 | |
| Enter build submenu | 15 | |
| Enter hero's abilities submenu | 11 | |
| Give item / drop item | 1 | |
| Right click | 273 | |
| Select / deselect | 299 | |
| Select group hotkey | 324 | |
| Use ability | 77 | |
1111 total
» units
| Wisp | 11 | |
| Huntress | 11 | |
| Glaive Thrower | 4 | |
| Dryad | 5 | |
| Druid of the Claw | 6 | |
37 total
» upgrades
| Strength of the Wild | 1 | |
| Druid of the Claw Training | 2 | |
| Abolish Magic | 1 | |
| Mark of the Claw | 1 | |
5 total
» buildings
| Altar of Elders | 1 | |
| Moon Well | 5 | |
| Hunter's Hall | 1 | |
| Ancient of War | 1 | |
| Ancient of Wonders | 1 | |
| Tree of Ages | 1 | |
| Ancient Protector | 2 | |
| Tree of Eternity | 1 | |
| Ancient of Lore | 2 | |
15 total
» build order
00:10 Altar of Elders
00:22 Moon Well
01:32 Hunter's Hall
01:45 Ancient of War
01:59 Moon Well
02:22 Ancient of Wonders
03:17 Tree of Ages
03:49 Moon Well
04:37 Moon Well
05:47 Ancient Protector
06:54 Ancient Protector
07:33 Tree of Eternity
09:56 Ancient of Lore
10:12 Ancient of Lore
10:48 Moon Well
» items
| Staff of Preservation | 2 | |
| Potion of Healing | 2 | |
| Scroll of Town Portal | 3 | |
7 total
team 2 (loser)

»
EG)Camafa (
green | 110 APM | 3836 actions | 34:56)
5 Blademaster
2 Wind Walk
3 Critical Strike
5 Shadow Hunter
2 Hex
3 Healing Wave
2 Demon Hunter
1 Evasion
1 Mana Burn
» actions
| Assign group hotkey | 136 | |
| Basic commands | 65 | |
| Build / train | 104 | |
| ESC pressed | 1 | |
| Enter build submenu | 28 | |
| Enter hero's abilities submenu | 12 | |
| Give item / drop item | 6 | |
| Right click | 1513 | |
| Select / deselect | 662 | |
| Select group hotkey | 1069 | |
| Use ability | 240 | |
3836 total
» units
| Peon | 16 | |
| Grunt | 3 | |
| Huntress | 1 | |
| Glaive Thrower | 5 | |
| Wind Rider | 4 | |
| Raider | 10 | |
| Wisp | 5 | |
| Druid of the Claw | 4 | |
| Demolisher | 5 | |
| Kodo Beast | 1 | |
| Archer | 1 | |
55 total
» upgrades
| Vorpal Blades | 2 | |
| Ensnare | 1 | |
| Druid of the Claw Training | 2 | |
| Ultravision | 1 | |
| Mark of the Claw | 1 | |
| Pillage | 1 | |
8 total
» buildings
| Altar of Storms | 1 | |
| Orc Burrow | 5 | |
| Barracks | 1 | |
| Voodoo Lounge | 1 | |
| Stronghold | 1 | |
| Tree of Ages | 1 | |
| War Mill | 1 | |
| Moon Well | 3 | |
| Beastiary | 2 | |
| Tree of Eternity | 1 | |
| Ancient of Lore | 2 | |
| Tree of Life | 2 | |
| Ancient Protector | 6 | |
| Ancient of War | 2 | |
| Watch Tower | 1 | |
30 total
» build order
00:07 Altar of Storms
00:19 Orc Burrow
00:35 Barracks
01:34 Orc Burrow
02:10 Voodoo Lounge
03:00 Stronghold
03:25 Orc Burrow
04:01 Tree of Ages
04:19 War Mill
04:59 Moon Well
05:26 Beastiary
05:28 Beastiary
06:03 Moon Well
06:56 Orc Burrow
07:05 Tree of Eternity
07:09 Ancient of Lore
07:10 Ancient of Lore
13:10 Moon Well
13:56 Orc Burrow
15:31 Tree of Life
15:34 Ancient Protector
15:37 Ancient Protector
16:59 Ancient Protector
17:35 Ancient Protector
17:42 Ancient Protector
18:47 Ancient Protector
18:49 Tree of Life
18:57 Ancient of War
18:58 Ancient of War
29:35 Watch Tower
» items
| Potion of Healing | 7 | |
| Healing Salve | 3 | |
| Lesser Clarity Potion | 12 | |
| Scroll of Speed | 1 | |
23 total

»
Grannyoncrack (
pink | 54 APM | 214 actions | 03:57)
1 Demon Hunter
1 Mana Burn
» actions
| Build / train | 25 | |
| Enter build submenu | 10 | |
| Enter hero's abilities submenu | 1 | |
| Remove unit from queue | 4 | |
| Right click | 103 | |
| Select / deselect | 60 | |
| Use ability | 11 | |
214 total
» units
» buildings
| Altar of Elders | 1 | |
| Moon Well | 2 | |
| Ancient of War | 1 | |
| Hunter's Hall | 1 | |
| Ancient of Wonders | 1 | |
6 total
» build order
00:13 Altar of Elders
00:14 Moon Well
01:34 Moon Well
01:57 Ancient of War
02:12 Hunter's Hall
02:31 Ancient of Wonders
Chat log
(01:10 / All) Phuktart: die
(01:15 / All) BRUCEWILLISUSA: DIE
(02:44 / Allies) BRUCEWILLISUSA: tp please
(03:10 / Allies) Phuktart: stfu
(03:12 / All) Phuktart: silly orc
(03:54 / Allies) Phuktart: wow
(03:56 / Allies) Phuktart: you newb
(03:57 / All) BRUCEWILLISUSA: d
(04:13 / All) BRUCEWILLISUSA: owned
(04:26 / All) Phuktart: fucking newbs
(05:05 / Allies) BRUCEWILLISUSA: he wil attk u
(05:08 / Allies) BRUCEWILLISUSA: my base is too strong for him
(06:03 / All) Phuktart: u still here you silly bastard?
(06:06 / All) BRUCEWILLISUSA: noob
(06:07 / All) BRUCEWILLISUSA: 1v2
(06:09 / All) BRUCEWILLISUSA: easy win
(06:20 / Allies) BRUCEWILLISUSA: b
(06:21 / Allies) BRUCEWILLISUSA: b
(06:22 / Allies) BRUCEWILLISUSA: b
(06:23 / Allies) BRUCEWILLISUSA: b
(06:25 / Allies) Phuktart: stfu
(06:35 / Allies) BRUCEWILLISUSA: b
(06:57 / Allies) Phuktart: 1 unit?
(06:59 / Allies) Phuktart: lmfao
(07:02 / Allies) BRUCEWILLISUSA: CONTROL HIM
(07:05 / Allies) Phuktart: u fucking retard
(08:20 / Allies) Phuktart: get units you dumb bitch
(08:31 / Allies) Phuktart: fucking retard ally
(08:45 / Allies) BRUCEWILLISUSA: hide
(09:39 / All) BRUCEWILLISUSA: easy winer
(09:43 / All) BRUCEWILLISUSA: dick up ass
(10:02 / All) Phuktart: even with my dumb fucking ally
(10:14 / Allies) BRUCEWILLISUSA: gold
(10:19 / Allies) Phuktart: fuck you
(10:24 / Allies) BRUCEWILLISUSA: gold
(10:28 / Allies) Phuktart: fuck you
(10:55 / Allies) Phuktart: u stupid piece of shit
(12:10 / Allies) BRUCEWILLISUSA: gold
(12:16 / Allies) Phuktart: F U C K Y O U
(12:22 / Allies) BRUCEWILLISUSA: gold
(12:32 / All) Phuktart: F U C K Y O U
(12:55 / Allies) Phuktart: get units you piece of shit
(13:24 / Allies) BRUCEWILLISUSA: b
(13:34 / All) Phuktart: fucking dumb ally
(13:38 / Allies) BRUCEWILLISUSA: gold then
(13:39 / Allies) BRUCEWILLISUSA: GOLD
(13:40 / All) Phuktart: if you're not american, you're not useful
(13:49 / Allies) BRUCEWILLISUSA: im from texas
(13:59 / Allies) Phuktart: you're a fucking spic
(14:02 / Allies) BRUCEWILLISUSA: I WIN
(14:03 / Allies) BRUCEWILLISUSA: I WIN
(15:12 / All) BRUCEWILLISUSA: LOL
(15:14 / All) BRUCEWILLISUSA: FDP
(15:15 / All) Phuktart: silly fuckers
(15:35 / Allies) BRUCEWILLISUSA: GOLD
(15:39 / All) Phuktart: fucking spic ally
(15:55 / Allies) BRUCEWILLISUSA: GOLD
(16:03 / Allies) BRUCEWILLISUSA: GOLD
(16:43 / All) Phuktart: no wonder they work on farms
(16:49 / All) Phuktart: their fucking IQ is in the toilet
(16:56 / Allies) BRUCEWILLISUSA: IM GO PHD
(17:04 / All) Phuktart: I'M GO PHD
(17:11 / All) Phuktart: you're a fucking useless dumb spic
(17:14 / All) Phuktart: looking for a handout
(17:15 / Allies) BRUCEWILLISUSA: IM GO PHD
(17:20 / Allies) BRUCEWILLISUSA: NORTHWESTERN UNIVERSIDAD
(17:21 / Allies) BRUCEWILLISUSA: IN USA
(17:33 / Allies) BRUCEWILLISUSA: IM WIN
(19:01 / Allies) BRUCEWILLISUSA: KILL HIM
(19:10 / Allies) BRUCEWILLISUSA: GP;D?
(19:11 / Allies) BRUCEWILLISUSA: GOLD?
(20:01 / All) Phuktart: can i get a new ally?
(20:18 / All) Phuktart: he's fucking making this longer than it has to be cuz he don't know his ass from a hole in the ground
(21:12 / All) BRUCEWILLISUSA: USE THE KODO
(21:13 / All) BRUCEWILLISUSA: NOOB
(21:32 / All) Phuktart: im out
(21:35 / All) Phuktart: ally fucking dumb
(21:46 / All) Phuktart: he say "I WIN"
(21:47 / All) Phuktart: I WIN
(21:49 / All) EG)Camafa: 2x1
(21:49 / All) Phuktart: I WIN
(21:51 / All) EG)Camafa: lol
(21:52 / All) Phuktart: i fucking dumb
(21:54 / All) Phuktart: I WIN
(22:01 / All) Phuktart: i don't have the patience for this stupid mother fucker
(22:06 / All) BRUCEWILLISUSA: I WIN
(22:30 / Allies) BRUCEWILLISUSA: WOOD
(23:02 / Allies) BRUCEWILLISUSA: WOOD
(23:08 / Allies) Phuktart: fuck you
(23:10 / Allies) Phuktart: you asshole
(23:14 / Allies) BRUCEWILLISUSA: WOOD
(23:15 / Allies) BRUCEWILLISUSA: IM WIN
(23:21 / Allies) Phuktart: fuck you
(23:22 / Allies) Phuktart: asshole
(23:24 / Allies) Phuktart: dumb fuck
(23:26 / Allies) Phuktart: stupid bitch
(23:34 / All) Phuktart: "IM WIN"
(23:37 / All) Phuktart: all fucking game
(23:41 / All) Phuktart: stupid dick
(24:01 / All) Phuktart: fucking orc that doesn't go BM and masses bats
(24:02 / All) Phuktart: wtf
(24:40 / All) Phuktart: what a dumb mother fucker
(24:53 / All) Phuktart: "IM GO PHD"
(24:58 / Allies) BRUCEWILLISUSA: IN US
(25:00 / Allies) BRUCEWILLISUSA: USA
(25:01 / All) Phuktart: fucking idiot
(25:07 / All) Phuktart: doesn't even speak english
(26:13 / All) Phuktart: stupid spic a rican
(26:42 / All) Phuktart: lmfao
(27:05 / All) Phuktart: Chase him!
(27:10 / All) Phuktart: you stupid spic prick
(27:12 / All) EG)Camafa: orc noob
(27:33 / All) Phuktart: u got a green card bitch?
(27:44 / Allies) BRUCEWILLISUSA: IM USA
(28:19 / Allies) BRUCEWILLISUSA: TY
(28:28 / Allies) BRUCEWILLISUSA: TY
(28:31 / Allies) BRUCEWILLISUSA: TY
(28:47 / Allies) BRUCEWILLISUSA: GOLD?
(29:23 / All) Phuktart: rofl
(29:27 / All) Phuktart: you both fucking suck
(29:30 / All) Phuktart: go to hell
(30:08 / Allies) Phuktart: go finish him you stupid ass bitch
(30:16 / Allies) BRUCEWILLISUSA: HE'VE TWO HEROS
(30:21 / Allies) BRUCEWILLISUSA: TY
(31:14 / All) Phuktart: fucking retard
(31:31 / Allies) BRUCEWILLISUSA: I GIVE HIM TINY HALL
(31:34 / Allies) BRUCEWILLISUSA: JAJAJAJAJJA
(32:41 / All) Phuktart: wow
(32:46 / All) Phuktart: WOW
(32:52 / All) Phuktart: stupid fucking prick
(32:59 / All) Phuktart: i hate mexicans
(33:41 / All) Phuktart: cmon bruce fuckin willis
(33:43 / All) Phuktart: end this shit
(33:48 / All) Phuktart: you worthless spic
(34:32 / All) Phuktart: what a fucking idiot
(34:42 / All) Phuktart: he deserves to get fucked in the ass
(34:47 / All) Phuktart: like all mexicans should
(34:50 / All) EG)Camafa: 2x1 and 40 min game
(34:54 / All) EG)Camafa: noobs
(34:55 / All) EG)Camafa: gg